 Dungeon Crawl Stone Soup version 0.29.1-4-g47bece8355 (webtiles) character file.

Game seed: 13390970242339993176

543 javelincjr the Conjurer (level 7, -1/38 HPs)
             Began as a Deep Elf Conjurer on Dec 1, 2022.
             Slain by an orc
             ... wielding a +6 morningstar
              (10 damage)
             ... on level 4 of the Dungeon.
             The game lasted 00:38:37 (3963 turns).

javelincjr the Conjurer (Deep Elf Conjurer)         Turns: 3963, Time: 00:38:38

Health: -1/38      AC: 10    Str:  8    XL:     7   Next: 6%
Magic:  16/17      EV: 10    Int: 31    God:
Gold:   285        SH:  0    Dex: 13    Spells: 14/17 levels left

rFire   . . .      SeeInvis .   s - +7 whip of Malaise {venom, Drain Fly rPois Stlth+}
rCold   . . .      Faith    .   j - orb {*Rage}
rNeg    + . .      Spirit   .   C - +2 ring mail "Qecvoe" {rN+ Str+4}
rPois   +          Reflect  .   u - +1 helmet
rElec   .          Harm     .   (no cloak)
rCorr   .          Rampage  .   k - +0 pair of gloves
Will    .....      Rage     20% (no boots)
Stlth   +++.......              m - amulet of magic regeneration
HPRegen 0.12/turn               p - +6 ring of intelligence
MPRegen 0.55/turn               (no ring)

@: flying, very slightly contaminated
A: no striking features
a: no special abilities


You were on level 4 of the Dungeon.
You visited 1 branch of the dungeon, and saw 5 of its levels.

You collected 285 gold pieces.

Inventory:

Hand Weapons
 s - the +7 whip of Malaise (weapon) {venom, Drain Fly rPois Stlth+}
   (You found it on level 2 of the Dungeon)

   It poisons the flesh of those it strikes.
   rPois:     It protects you from poison.
   Fly:       It grants you flight.
   Drain:     It drains your maximum health when unequipped.
   Stlth:     It makes you more stealthy.
 w - a +2 dagger of speed
 F - a +2 vorpal spear
 I - a +0 whip
Missiles
 d - 52 stones
 v - 5 atropa-tipped darts
 x - 2 throwing nets
 B - a boomerang
Armour
 a - a +0 robe
 j - an orb of wrath (worn)
 k - a +0 pair of gloves (worn)
 u - a +1 helmet (worn)
 C - the +2 ring mail "Qecvoe" (worn) {rN+ Str+4}
   (You found it on level 4 of the Dungeon)

   Str:       It affects your strength (+4).
   rN:        It protects you from negative energy.
 J - the +1 robe of Fillaope {Str-2 Int+5}
   (You found it on level 3 of the Dungeon)

   Str:       It affects your strength (-2).
   Int:       It affects your intelligence (+5).
Jewellery
 m - an amulet of magic regeneration (around neck)
 p - a +6 ring of intelligence (left hand)
Wands
 f - a wand of iceblast (16)
 i - a wand of mindburst (15)
Scrolls
 c - a scroll of blinking {unknown}
 g - 5 scrolls of identify {unknown}
 h - 2 scrolls of magic mapping {unknown}
 l - 5 scrolls of teleportation {unknown}
 y - a scroll of immolation {unknown}
 A - a scroll of torment {unknown}
 E - a scroll of fear {unknown}
 G - a scroll of butterflies {unknown}
 K - a scroll of summoning {unknown}
Potions
 b - 3 potions of magic
 e - a potion of haste {unknown}
 n - 2 potions of flight {unknown}
 o - 3 potions of curing {unknown}
 q - a potion of lignification {unknown}
 r - 2 potions of heal wounds {unknown}
 t - 4 potions of might {unknown}
 z - 2 potions of cancellation {unknown}
 D - a potion of brilliance {unknown}
 H - 2 potions of ambrosia {unknown}


   Skills:
 + Level 1.0 Fighting
 + Level 0.8 Short Blades
 + Level 1.1 Maces & Flails
 + Level 0.6 Armour
 + Level 3.2 Dodging
 + Level 5.0 Stealth
 + Level 5.8 Spellcasting
 + Level 6.3 Conjurations


You had 14 spell levels left.
You knew the following spells:

 Your Spells              Type           Power      Damage    Failure   Level
a - Magic Dart            Conj           100%       1d8       1%          1
b - Searing Ray           Conj           96%        2d7       1%          2

Your spell library contained the following spells:

 Spells                   Type           Power      Damage    Failure   Level
 Dazzling Flash           Conj/Hex       56%        N/A       13%         3
 Fulminant Prism          Conj/Hex       14%        3d9       38%         4
 Iskenderun's Mystic Bla  Conj/Tloc      28%        2d7       38%         4


Dungeon Overview and Level Annotations

Branches:
Dungeon (5/15)
 Temple: D:4-7

Altars:
Kikubaaqudgha
Makhleb
Yredelemnul
Zin

Annotations:
D:4 2 transporters, Menkaure; hawla's ghost, weakling MeIE


Message History

Aim: a scorpion (82% to hit)
The searing ray hits the scorpion.
The scorpion is moderately wounded. (Press . to maintain the ray.)
The searing ray hits the scorpion.
The scorpion is severely wounded.
The searing ray hits the scorpion.
You kill the scorpion!
Your Fighting skill increases to level 1!
Your Stealth skill increases to level 5!
You have reached level 7!
Magic restored.
H - 2 sedimented dark potions (gained 1)
There is a stone staircase leading up here.
The orc priest shouts! x2; The orc shouts!
You hear a shout!
The orc shouts!
You hear a shout!
Menkaure breathes soot at you.
The orc shouts!
The orc shouts!
Hawla's ghost turns its malevolent gaze towards you.
You reach down and open the gate.
The orc attacks as you move away! The orc hits you with a +6 morningstar.
The orc priest invokes the aid of Beogh against you.
Beogh smites you! The orc attacks as you move away! The orc barely misses you.
The orc priest looks braver for a moment.
Casting: Searing Ray (safe; 1% risk of failure)
Confirm with . or Enter, or press ? or * to list all spells.
Aiming: Searing Ray (safe; 1% risk of failure)
Press: ? - help, Shift-Dir - straight line, f - orc priest
Aim: an orc priest, wielding a +0 short sword (83% to hit)
You miscast Searing Ray.
You are very lightly contaminated with residual magic.
Nothing appears to happen.
The orc closely misses you. The orc hits you with a +6 morningstar.
The orc priest mumbles some strange prayers to Beogh against you.
Beogh smites you!
* * * LOW HITPOINT WARNING * * *
The orc hits you with a +6 morningstar!
You die...

..##..##.......#..>....# ##.#....
.......#.......##.##...###..#....
..........###....####.......#..#.
....###....#......###...#.#...##.
#...##...#.##..#..##..###.#.#....
...####.##.....#......# #...#....
.#####.)##....####..### #...#..#.
...........ooo###...## #....#.#.
.........o..o8oo@....## #...##.[.
#####'''######.##.....# #.......#
.............#........####....###
....#####...)###........##...##
.###.....###.##......#.##....#
.#8#.W8..#8#.##<.....#......##
.............##..#...##...###
8....[_[....8#..#.........#
########### #.......#...##


You could see 2 orc priests and 5 orcs.

Vanquished Creatures
  An ogre (D:4)
  The ghost of Ihaveafatcat the Trooper, an amateur OpFi of Lugonu (D:3)
  A scorpion (D:4)
  A hound (D:4)
  2 iguanas (D:4)
  Robin (D:3)
  8 gnolls (D:3)
  4 adders
  2 worms (D:2)
  7 dart slugs
  5 orcs (D:3)
  8 ball pythons
  4 bats
  9 endoplasms
  3 giant cockroaches
  20 goblins
  5 hobgoblins
  3 jackals (D:3)
  7 kobolds
  5 quokkas
  2 frilled lizards
  6 rats
105 creatures vanquished.

Vanquished Creatures (others)
  2 fungi (D:3)
2 creatures vanquished.

Grand Total: 107 creatures vanquished

Notes
Turn   | Place    | Note
-------+----------+-------------------------------------------
     0 | D:1      | javelincjr the Deep Elf Conjurer began the quest for the
                  | Orb.
     0 | D:1      | Reached XP level 1. HP: 10/10 MP: 6/6
    96 | D:1      | Found a faded altar of an unknown god.
   280 | D:1      | Reached XP level 2. HP: 15/15 MP: 4/8
   558 | D:1      | Reached skill level 5 in Conjurations
   558 | D:1      | Reached XP level 3. HP: 19/19 MP: 5/9
   621 | D:1      | Learned a level 2 spell: Searing Ray
  1186 | D:3      | Found a burning altar of Makhleb.
  1473 | D:2      | Reached XP level 4. HP: 24/24 MP: 7/11
  1498 | D:2      | Identified the +7 whip of Malaise {venom, Drain Fly rPois
                  | Stlth+}
  1770 | D:3      | Noticed Ihaveafatcat's ghost (amateur OpFi)
  1828 | D:4      | Found a transporter.
  1828 | D:4      | Found an ancient bone altar of Kikubaaqudgha.
  1970 | D:3      | Reached XP level 5. HP: 22/28 MP: 3/13
  2044 | D:3      | Found a runed translucent door.
  2286 | D:5      | Entered Level 5 of the Dungeon
  2338 | D:3      | Killed Ihaveafatcat's ghost
  2339 | D:3      | Reached skill level 5 in Spellcasting
  2339 | D:3      | Reached skill level 6 in Conjurations
  2394 | D:4      | Identified the +2 ring mail "Qecvoe" {rN+ Str+4}
  2522 | D:3      | Noticed Robin
  2554 | D:3      | Killed Robin
  2555 | D:3      | Reached XP level 6. HP: 26/32 MP: 11/15
  3101 | D:3      | Identified the +1 robe of Fillaope {Str-2 Int+5}
  3254 | D:3      | Found a glowing silver altar of Zin.
  3313 | D:4      | Found a runed translucent gate.
  3314 | D:4      | Found a runed translucent gate.
  3315 | D:4      | Found a runed translucent gate.
  3318 | D:4      | Noticed hawla's ghost (weakling MeIE)
  3333 | D:4      | Found a transporter.
  3349 | D:4      | Found a basalt altar of Yredelemnul.
  3379 | D:4      | Noticed Menkaure
  3471 | D:4      | Reached skill level 1 in Maces & Flails
  3804 | D:4      | Reached skill level 1 in Fighting
  3804 | D:4      | Reached skill level 5 in Stealth
  3804 | D:4      | Reached XP level 7. HP: 38/38 MP: 13/17
  3963 | D:4      | Slain by an orc

Illustrated notes

Levels and vault maps discovered:
D:1:      dpeg_arrival_simpleton_b, layout_basic,
          nicolae_ecumenical_snake_handling, serial_curves, eino_curves_03,
          eino_curves_01
D:2:      layout_loops_cross, minmay_circled_x
D:3:      kennysheep_goblin_castle, layout_loops_cross, zin_treasury,
          mainiacjoe_overflow_tiny_flanked, hellmonk_ghost_happy_afterlife,
          minivault_5, nicolae_underground_beach
D:4:      layout_cave_pools, gammafunk_temple_of_torment,
          biasface_ghost_orc_armoury
D:5:      layout_basic, lemuel_temple_firewalk_b, serial_park_tiny_pond,
          uniq_menkaure, uniq_edmund

Skill      XL: |  1  2  3  4  5  6 |
---------------+-------------------+-----
Conjurations   | 5 6 |  6.3
Stealth        | 3 4 5 |  5.0
Dodging        | 3 |  3.2
Spellcasting   | 4 5 |  5.8
Maces & Flails | 1 |  1.1
Fighting       | 1 |  1.0
Short Blades   | |  0.8
Armour         | |  0.6

Action                   |  1- 3 |  4- 6 |  7- 9 || total
-------------------------+-------+-------+-------++-------
Melee: Whip              |     3 |    38 |       ||    41
       Dagger            |    20 |       |       ||    20
 Cast: Magic Dart        |    52 |    65 |       ||   117
       Searing Ray       |     3 |    14 |       ||    17
 Stab: Sleeping          |     4 |     5 |       ||     9
Armor: Robe              |     4 |     1 |       ||     5
       Ring mail         |       |    21 |       ||    21
Dodge: Dodged            |    10 |    15 |     2 ||    27
